 Dungeon Crawl Stone Soup version 0.30-a0-711-gf4ac18a38d (webtiles) character file.

Game seed: 7585211310251387086

1026 holysushi the Conjurer (level 8, -7/46 (54) HPs)
             Began as an Octopode Conjurer on Jan 22, 2023.
             Mangled by a wight
             ... wielding a +4 trident of freezing
              (12 damage)
             ... on level 7 of the Dungeon.
             The game lasted 00:16:30 (5297 turns).

holysushi the Conjurer (Octopode Conjurer)          Turns: 5297, Time: 00:16:32

HP:   -7/46 (54)    AC:  1    Str:  6    XL:     8   Next: 23%
MP:   16/16         EV: 13    Int: 20    God:
Gold: 231           SH:  0    Dex: 13    Spells: 4/18 levels left

rFire   . . .      SeeInvis .    c - staff of conjuration
rCold   + . .      Faith    .    (no shield)
rNeg    . . .      Spirit   .    (helmet restricted)
rPois   .          Reflect  .    (no amulet)
rElec   .          Harm     .    o - ring of willpower
rCorr   .          Rampage  .    j - ring of protection from cold
Will    +....                    k - +4 ring of slaying
Stlth   ++                       (no ring)
HPRegen 0.27/turn                (no ring)
MPRegen 0.15/turn                (no ring)
                                 (no ring)
                                 (no ring)

@: confused, brilliant, ambrosia-drunk, heavily drained
A: almost no armour, amphibious, 8 rings, camouflage 1, gelatinous body 1,
(nimble swimmer 1), tentacles
a: no special abilities


You were on level 7 of the Dungeon.
You visited 1 branch of the dungeon, and saw 7 of its levels.
You also visited: Bailey.

You collected 231 gold pieces.

Inventory:

Magical Staves
 c - a staff of conjuration (weapon)
Jewellery
 j - a ring of protection from cold (right tentacle)
 k - a +4 ring of slaying (on tentacle)
 o - a ring of willpower (left tentacle)
Wands
 i - a wand of flame (19)
 p - a wand of polymorph (6)
Scrolls
 d - a scroll of enchant armour
 e - a scroll of silence
 f - 2 scrolls of fog
 h - a scroll of identify
 n - a scroll of enchant weapon
Potions
 a - a potion of magic
 b - 3 potions of flight
 g - a potion of lignification {unknown}
 l - a potion of ambrosia
 q - a potion of might {unknown}


   Skills:
 - Level 4.0 Fighting
 - Level 3.0 Staves
 - Level 2.0 Dodging
 - Level 2.7 Stealth
 + Level 5.9 Spellcasting
 - Level 6.0 Conjurations
 - Level 0.1 Evocations


You had 4 spell levels left.
You knew the following spells:

 Your Spells              Type           Power      Damage    Failure   Level
a - Magic Dart            Conj           100%       1d8       1%          1
b - Searing Ray           Conj           100%       2d8       1%          2
c - Dazzling Flash        Conj/Hex       80%        N/A       10%         3
d - Fulminant Prism       Conj/Hex       20%        3d12      30%         4
e - Iskenderun's Mystic   Conj/Tloc      40%        2d9       30%         4

Your spell library contained the following spells:

 Spells                   Type           Power      Damage    Failure   Level
 Summon Small Mammal      Summ           32%        N/A       11%         1
 Call Canine Familiar     Summ           8%         N/A       32%         3
 Portal Projectile        Hex/Tloc       16%        N/A       32%         3
 Summon Guardian Golem    Hex/Summ       8%         N/A       32%         3
 Leda's Liquefaction      Hex/Erth       4%         N/A       71%         4


Dungeon Overview and Level Annotations

Branches:
Dungeon (8/15) Zot: 26865  Bailey (visited)
 Temple: D:4-7         Lair: D:8-11

Altars:
Cheibriados
Hepliaklqana
Nemelex Xobeh
Trog
Zin

Shops:
D:1 (:=*   D:3 =[([   D:4 :!*?:


Innate Abilities, Weirdness & Mutations

You cannot wear most types of armour.
You are amphibious.
You can wear up to eight rings at the same time.
Your skin changes colour to match your surroundings (Stealth+).
Your rubbery body absorbs attacks. (AC +1, EV +1)
((You are camouflaged when in or above water. (Stealth+)))
You have tentacles for arms and can constrict up to eight enemies at once.


Message History

* * * LOW HITPOINT WARNING * * *
The wight freezes you.
* * * LOW HITPOINT WARNING * * *
There is a stone staircase leading down, spattered with blood here.
You are confused.
You feel invigorated. The wight barely misses you. The phantom misses you.
You're too confused to move!
The phantom barely misses you. The phantom attacks as you move away!
The phantom misses you. The wight closely misses you.
You bump into the rock wall.
The wight misses you.
The wight hits you from afar with a +4 trident of freezing!
* * * LOW HITPOINT WARNING * * *
You feel drained. The wight freezes you.
* * * LOW HITPOINT WARNING * * *
The phantom hits you.
* * * LOW HITPOINT WARNING * * *
You bump into the rock wall.
The wight barely misses you. The wight misses you. The phantom misses you.
The wight attacks as you move away! The wight barely misses you.
The phantom hits you.
* * * LOW HITPOINT WARNING * * *
A wight comes into view. It is wielding a +2 mace.
The phantom hits you!
* * * LOW HITPOINT WARNING * * *
The phantom blinks!
You blink.
The wight barely misses you.
You see here a +0 short sword.
The wight hits you with a +4 trident of freezing.
* * * LOW HITPOINT WARNING * * *
You feel drained.
* * * LOW HITPOINT WARNING * * *
The wight freezes you.
* * * LOW HITPOINT WARNING * * *
It was a potion of brilliance.
You feel clever all of a sudden. The wight hits you with a +0 falchion.
* * * LOW HITPOINT WARNING * * *
You feel drained.
* * * LOW HITPOINT WARNING * * *
The wight hits you with a +4 trident of freezing!
You die...

#### #..#
#..###.# #
#ยง>....# #.
#zz#####
##'##@)#
#...)Wz#####.#
#...[.)......#
#....).#######
#......#
#......#
#......#
.....#..#
.....#..#


You could see a phantom and 3 wights.

Vanquished Creatures
  2 ice beasts
  A phantom (D:5)
  Blork the orc (D:4)
  A bullfrog (D:8)
  A wight (D:7)
  2 hounds (D:4)
  5 orc priests
  Ijyb (D:5)
  4 iguanas
  An orc wizard (D:5)
  6 gnolls
  3 adders
  3 ufetubi (D:4)
  A worm (D:3)
  4 dart slugs
  21 orcs
  6 ball pythons
  6 endoplasms
  2 giant cockroaches
  5 goblins
  5 hobgoblins
  9 jackals
  7 quokkas
  4 bats
  4 frilled lizards
  2 kobolds
  6 rats
113 creatures vanquished.

Vanquished Creatures (others)
  A fulminant prism (D:7)
1 creature vanquished.

Grand Total: 114 creatures vanquished

Notes
Turn   | Place    | Note
-------+----------+-------------------------------------------
     0 | D:1      | holysushi the Octopode Conjurer began the quest for the
                  | Orb.
     0 | D:1      | Reached XP level 1. HP: 11/11 MP: 3/3
    73 | D:1      | Found Pofixt's Jewellery Emporium.
   350 | D:1      | Reached XP level 2. HP: 17/17 MP: 3/5
   415 | D:1      | Learned a level 2 spell: Searing Ray
   446 | D:1      | Found Eghoethra's Antique Weapon Shoppe.
   451 | D:1      | Found Ixer's Book Boutique.
   757 | D:1      | Found Adod's General Store.
  1182 | D:2      | Reached XP level 3. HP: 21/21 MP: 4/8
  1213 | D:2      | Reached XP level 4. HP: 27/27 MP: 1/9
  1990 | D:3      | Found Asufur's Antique Armour Shop.
  2161 | D:3      | Found Ciquma's Armour Boutique.
  2182 | D:3      | Found Hebbomp's Weapon Shoppe.
  2578 | D:3      | Found a glowing silver altar of Zin.
  2587 | D:3      | Found a bloodstained altar of Trog.
  2699 | D:3      | Found Odol's Jewellery Shop.
  3117 | D:4      | Reached XP level 5. HP: 31/31 MP: 8/11
  3211 | D:3      | Identified a scroll of acquirement
  3211 | D:3      | Acquired a staff of conjuration
  3269 | D:4      | Found Yfucax's Magic Scroll Shop.
  3269 | D:4      | Noticed Blork the orc
  3279 | D:4      | Killed Blork the orc
  3280 | D:4      | Reached skill level 1 in Fighting
  3280 | D:4      | Reached skill level 1 in Staves
  3447 | D:4      | Found Raseur's General Store.
  3448 | D:4      | Found Jaseore's Distillery.
  3462 | D:4      | Found Jaeh's Book Shoppe.
  3509 | D:4      | Learned a level 3 spell: Dazzling Flash
  3553 | D:4      | Reached XP level 6. HP: 38/38 MP: 8/12
  3676 | D:4      | Found Iluhylil's Book Emporium.
  4107 | D:5      | Entered Level 5 of the Dungeon
  4107 | D:5      | Noticed Ijyb
  4118 | D:4      | HP: 1/39 [orc/+0 club (5)]
  4367 | D:5      | Reached skill level 5 in Conjurations
  4367 | D:5      | Reached XP level 7. HP: 41/46 MP: 5/13
  4463 | D:5      | Found a hazy altar of Hepliaklqana.
  4509 | D:5      | Killed Ijyb
  4526 | D:5      | You fall into a shaft and drop 3 floors!
  4526 | D:8      | Found a sparkling altar of Nemelex Xobeh.
  4593 | D:8      | Found a flagged portal.
  4604 | Bailey   | Entered a bailey
  4719 | Bailey   | Learned a level 4 spell: Fulminant Prism
  4724 | Bailey   | Learned a level 4 spell: Iskenderun's Mystic Blast
  4869 | D:8      | Found a snail-covered altar of Cheibriados.
  4986 | D:8      | Noticed a troll
  5044 | D:8      | Reached skill level 6 in Conjurations
  5168 | D:7      | Reached skill level 5 in Spellcasting
  5168 | D:7      | Reached XP level 8. HP: 54/54 MP: 7/15
  5297 | D:7      | Mangled by a wight

Illustrated notes

Levels and vault maps discovered:
D:1:      ncdulo_wetmaze, layout_loops_ring, serial_shops, shop,
          nicolae_shop_hallway_plus, shop,
          nicolae_shop_temple_entry_statues_fountains
D:2:      layout_basic
D:3:      layout_loops_cross, amethyst_overflow_temple_binary, serial_shops,
          nicolae_shop_bloodbath_and_beyond, nicolae_shop_statue_plus,
          nicolae_square_shop, shop, minmay_misc_feat_five
D:4:      layout_rooms, serial_shops, shop, nicolae_shop_statue_plus,
          nicolae_take_the_stairs, shop, nicolae_diamond_shop, minmay_puff,
          uniq_blork_the_orc
D:5:      layout_cave_pools, lemuel_coloured_pillars_altar,
          nicolae_ossuary_entry_false_entrances, st_stairs_2, uniq_ijyb,
          uniq_crazy_yiuf_cottage
D:7:      layout_basic, grunt_dithmenos_shadows, uniq_menkaure
D:8:      minmay_cut_squares, layout_loops_ring, nemelex_spade_bored_becter,
          lemuel_tele_altar, enter_bailey_2

Skill      XL: |  1  2  3  4  5  6  7 |
---------------+----------------------+-----
Spellcasting   | 3 4 5 |  5.9
Fighting       | 1 3 4 |  4.0
Staves         | 1 2 3 |  3.0
Conjurations   | 5 6 |  6.0
Dodging        | |  2.0
Stealth        | |  2.7
Evocations     | |  0.1

Action                     |  1- 3 |  4- 6 |  7- 9 || total
---------------------------+-------+-------+-------++-------
  Melee: Unarmed           |    19 |     2 |       ||    21
         Tentacles         |     4 |     2 |     1 ||     7
         Constrict         |     3 |     2 |     2 ||     7
         Staff             |       |     4 |     9 ||    13
   Cast: Magic Dart        |    33 |    28 |    13 ||    74
         Searing Ray       |     5 |    47 |    21 ||    73
         Fulminant Prism   |       |       |     1 ||     1
    Use: Scroll            |       |    11 |       ||    11
         Potion            |       |     5 |     2 ||     7
 Armour: Skin              |       |     3 |     5 ||     8
  Dodge: Dodged            |    22 |    38 |    24 ||    84

Table legend: (Time is in decaauts)
 A = Elapsed time spent in this place.
 B = Non-inter-level travel time spent in this place.
 C = Inter-level travel time spent in this place.
 D = Time resting spent in this place.
 E = Time spent auto-exploring this place.
 F = Levels seen in this place.
 G = Mean time per level.
                   A        B        C        D        E       F      G
               +--------+--------+--------+--------+--------+-----+--------+
         Total |   5300 |   5169 |    131 |   1275 |   2551 |   8 |  662.5 |
       Dungeon |   5147 |   5016 |    131 |   1193 |   2551 |   7 |  735.3 |
        Bailey |    153 |    153 |      0 |     82 |      0 |   1 |  153.0 |
               +--------+--------+--------+--------+--------+-----+--------+

Top non-repeatable levels by time:
     D:3: 1241 daAuts
     D:1: 1024 daAuts
     D:2: 965 daAuts
     D:4: 961 daAuts
     D:8: 582 daAuts
     D:5: 337 daAuts
  Bailey: 153 daAuts
     D:7: 35 daAuts
